3AAA
TORTOLITA DRUMMERS @ KEY WEST CORAL REEFERS
07/17/2034
 
TOP OF THE 1ST
Tortolita Drummers batting - Pitching for Key West Coral Reefers : RHP Harry Stuterberg
Pitching: RHP Harry Stuterberg
Batting: RHB Vincent Vega 0-0: Foul Ball, location: 2F
0-1: Ground out U3 (Groundball, 34)
Batting: RHB Rich Flannery 0-0: Ball
1-0: Fly out, F9 (Flyball, 9S)
Batting: RHB Jesús Martínez 0-0: Ball
1-0: Ground out 1-3 (Groundball, P)
Top of the 1st over - 0 runs, 0 hits, 0 errors, 0 left on base; Tortolita 0 - Key West 0
BOTTOM OF THE 1ST
Key West Coral Reefers batting - Pitching for Tortolita Drummers : RHP Kabeya Kasongo
Pitching: RHP Kabeya Kasongo
Batting: RHB Miguel Montoya 0-0: Called Strike
0-1: Ground out 3-1 (Groundball, 34)
Batting: RHB Craig Tricket 0-0: Foul Ball, location: 2F
0-1: Ball
1-1: SINGLE (Line Drive, 6M)
Batting: SHB Dave Atkins 0-0: Ball
1-0: Ball
2-0: Called Strike
2-1: Ball
3-1: Base on Balls
Craig Tricket to second
Batting: RHB Arturo Scantlebury 0-0: Swinging Strike
0-1: Ball
1-1: Foul Ball, location: 2F
1-2: Foul Ball, location: 2F
1-2: Strikes out swinging
Batting: SHB Juan Carlos Santos 0-0: Called Strike
0-1: Called Strike
0-2: Ground out U3 (Groundball, 23)
Bottom of the 1st over - 0 runs, 1 hit, 0 errors, 2 left on base; Tortolita 0 - Key West 0
TOP OF THE 2ND
Tortolita Drummers batting - Pitching for Key West Coral Reefers : RHP Harry Stuterberg
Batting: LHB Glen Allen Mixon 0-0: Called Strike
0-1: Ball
1-1: Ball
2-1: Swinging Strike
2-2: Ball
3-2: Strikes out swinging
Batting: RHB Mun-wah Law 0-0: Ball
1-0: Fly out, F7 (Flyball, 78D)
Batting: RHB Tomás Costello 0-0: Fly out, F4 (Line Drive, 4MD)
Top of the 2nd over - 0 runs, 0 hits, 0 errors, 0 left on base; Tortolita 0 - Key West 0
BOTTOM OF THE 2ND
Key West Coral Reefers batting - Pitching for Tortolita Drummers : RHP Kabeya Kasongo
Batting: RHB Ken Moore 0-0: Ball
1-0: SINGLE (Line Drive, 8LS)
Batting: RHB Juan Martínez 0-0: Grounds into double play, 6-4-3 (Groundball, 6)
Batting: LHB Edward Woodstock 0-0: Ball
1-0: Ball
2-0: Foul Ball, location: 2F
2-1: Ball
3-1: Swinging Strike
3-2: Base on Balls
Batting: RHB Jarred Cobb 0-0: Fly out, F3 (Popup, 23F)
Bottom of the 2nd over - 0 runs, 1 hit, 0 errors, 1 left on base; Tortolita 0 - Key West 0
TOP OF THE 3RD
Tortolita Drummers batting - Pitching for Key West Coral Reefers : RHP Harry Stuterberg
Batting: RHB Otis Brewer 0-0: DOUBLE (Line Drive, 7LD)
Batting: RHB Vincent Klein 0-0: Foul Ball, location: 2F
0-1: Ball
1-1: Called Strike
1-2: Strikes out looking
Batting: SHB Fernando Rincón 0-0: Called Strike
0-1: Ball
1-1: Foul Ball, location: 2F
1-2: Foul Ball, location: 2F
1-2: Ball
2-2: Fly out, F8 (Line Drive, 89M)
Batting: RHB Vincent Vega 0-0: Called Strike
0-1: Ball
1-1: Ball
2-1: Called Strike
2-2: SINGLE (Line Drive, 89S)
Otis Brewer to third
Runner from 3rd tries for Home, throw and OUT!
Top of the 3rd over - 0 runs, 2 hits, 0 errors, 1 left on base; Tortolita 0 - Key West 0
BOTTOM OF THE 3RD
Key West Coral Reefers batting - Pitching for Tortolita Drummers : RHP Kabeya Kasongo
Batting: RHB Miguel Montoya 0-0: Ball
1-0: Called Strike
1-1: Swinging Strike
1-2: Ball
2-2: Ball
3-2: Base on Balls
Batting: RHB Craig Tricket 0-0: Ball
1-0: Foul Ball, location: 2F
1-1: Ball
2-1: SINGLE (Flyball, 9S)
Miguel Montoya to second
Runner from 2nd tries for 3rd, SAFE, no throw
Batting: SHB Dave Atkins 0-0: Called Strike
0-1: Ball
1-1: Foul Ball, location: 2F
1-2: Ball
2-2: Ball
3-2: Base on Balls
Craig Tricket to second
Batting: RHB Arturo Scantlebury 0-0: Foul Ball, location: 2F
0-1: Ball
1-1: Called Strike
1-2: Strikes out looking
Batting: SHB Juan Carlos Santos 0-0: Called Strike
0-1: Fly out, F7 (Line Drive, 7LM)
Runner from 3rd tags up, SCORES, throw made
Batting: RHB Ken Moore 0-0: Called Strike
0-1: Foul Ball, location: 2F
0-2: Strikes out swinging
Bottom of the 3rd over - 1 run, 1 hit, 0 errors, 2 left on base; Tortolita 0 - Key West 1
TOP OF THE 4TH
Tortolita Drummers batting - Pitching for Key West Coral Reefers : RHP Harry Stuterberg
Batting: RHB Rich Flannery 0-0: Fly out, F7 (Flyball, 7LSF)
Batting: RHB Jesús Martínez 0-0: Ball
1-0: Swinging Strike
1-1: Foul Ball, location: 2F
1-2: Foul Ball, location: 2F
1-2: Ball
2-2: Strikes out looking
Batting: LHB Glen Allen Mixon 0-0: Ball
1-0: Foul Ball, location: 2F
1-1: Ball
2-1: Foul Ball, location: 2F
2-2: Strikes out swinging, 2-3 out at first.
Top of the 4th over - 0 runs, 0 hits, 0 errors, 0 left on base; Tortolita 0 - Key West 1
BOTTOM OF THE 4TH
Key West Coral Reefers batting - Pitching for Tortolita Drummers : RHP Kabeya Kasongo
Batting: RHB Juan Martínez 0-0: Ball
1-0: Swinging Strike
1-1: Ball
2-1: Ball
3-1: SINGLE (Groundball, 34S) (infield hit)
Batting: LHB Edward Woodstock 0-0: Fielders Choice at 2nd, 5-4 (Groundball, 56)
Batting: RHB Jarred Cobb 0-0: Ball
1-0: Ball
2-0: Fly out, F3 (Popup, 3S)
Batting: RHB Miguel Montoya 0-0: SINGLE (Groundball, 5D)
Edward Woodstock to second
Batting: RHB Craig Tricket 0-0: Called Strike
0-1: Swinging Strike
0-2: Strikes out looking
Bottom of the 4th over - 0 runs, 2 hits, 0 errors, 2 left on base; Tortolita 0 - Key West 1
TOP OF THE 5TH
Tortolita Drummers batting - Pitching for Key West Coral Reefers : RHP Harry Stuterberg
Batting: RHB Mun-wah Law 0-0: Called Strike
0-1: Called Strike
0-2: Ball
1-2: Foul Ball, location: 2F
1-2: Foul Ball, location: 2F
1-2: SINGLE (Flyball, 7LS)
Batting: RHB Tomás Costello 0-0: Bunt missed!
0-1: Reached on error, E3 (Groundball, 23)
Mun-wah Law to second
Batting: RHB Otis Brewer 0-0: Called Strike
0-1: Fly out, F8 (Flyball, 8LD)
Batting: RHB Vincent Klein 0-0: Ball
1-0: Ball
2-0: SINGLE (Line Drive, 9S)
Mun-wah Law to third
Tomás Costello to second
Runner from 3rd tries for Home, SAFE, no throw
Batting: SHB Fernando Rincón 0-0: Foul Ball, location: 2F
0-1: SINGLE (Groundball, 34D)
Tomás Costello to third
Vincent Klein to second
Runner from 3rd tries for Home, SAFE, no throw
Batting: RHB Vincent Vega 0-0: SINGLE (Groundball, 34D)
Vincent Klein to third
Fernando Rincón to second
Batting: RHB Rich Flannery 0-0: SINGLE (Line Drive, 7S)
Vincent Klein scores
Fernando Rincón to third
Vincent Vega to second
Runner from 3rd tries for Home, SAFE, no throw
Batting: RHB Jesús Martínez 0-0: Ball
Vincent Vega steals 3rd base
1-0: Called Strike
1-1: Ball
2-1: Fly out, F7 (Flyball, 7)
Runner from 3rd tags up, SCORES, throw made
Batting: LHB Glen Allen Mixon 0-0: Called Strike
0-1: Fly out, F4 (Line Drive, 4)
Top of the 5th over - 5 runs, 5 hits, 1 error, 1 left on base; Tortolita 5 - Key West 1
BOTTOM OF THE 5TH
Key West Coral Reefers batting - Pitching for Tortolita Drummers : RHP Kabeya Kasongo
Batting: SHB Dave Atkins 0-0: Ball
1-0: Swinging Strike
1-1: Swinging Strike
1-2: Foul Ball, location: 2F
1-2: Ground out 4-3 (Groundball, 4)
Batting: RHB Arturo Scantlebury 0-0: Called Strike
0-1: Ball
1-1: Foul Ball, location: 2F
1-2: Strikes out swinging
Batting: SHB Juan Carlos Santos 0-0: Ball
1-0: Ball
2-0: Called Strike
2-1: Called Strike
2-2: Foul Ball, location: 2F
2-2: SINGLE (Groundball, 56) (infield hit)
Batting: RHB Ken Moore 0-0: Fly out, F5 (Popup, 56S)
Bottom of the 5th over - 0 runs, 1 hit, 0 errors, 1 left on base; Tortolita 5 - Key West 1
TOP OF THE 6TH
Tortolita Drummers batting - Pitching for Key West Coral Reefers : RHP Harry Stuterberg
Batting: RHB Mun-wah Law 0-0: Called Strike
0-1: Called Strike
0-2: Foul Ball, location: 2F
0-2: Ball
1-2: Ball
2-2: SINGLE (Line Drive, 89S)
Batting: RHB Tomás Costello 0-0: Sac Bunt - play at first, batter OUT! 1-3
Mun-wah Law to second
Batting: RHB Otis Brewer 0-0: Swinging Strike
0-1: SINGLE (Line Drive, 8LS)
Mun-wah Law to third
Batting: RHB Vincent Klein 0-0: Ball
1-0: Called Strike
1-1: Ball
Otis Brewer steals 2nd base
2-1: Ball
3-1: Foul Ball, location: 2F
3-2: Foul Ball, location: 2F
3-2: Base on Balls
Batting: SHB Fernando Rincón 0-0: Called Strike
0-1: Ball
1-1: Grounds into fielders choice 4-2 (Groundball, 4)
Otis Brewer to third
Vincent Klein to second
Batting: RHB Vincent Vega 0-0: Ball
1-0: Foul Ball, location: 2F
1-1: SINGLE (Line Drive, 7S)
Otis Brewer scores
Vincent Klein to third
Fernando Rincón to second
Runner from 3rd tries for Home, SAFE, throw made home
Pitching: RHP Brandon Sorkin
Batting: RHB Rich Flannery 0-0: Ball
1-0: 3-RUN HOME RUN (Flyball, 9LD), Distance : 341 ft
Batting: RHB Jesús Martínez 0-0: Called Strike
0-1: Ball
1-1: SINGLE (Flyball, 9LS)
Batting: LHB Glen Allen Mixon 0-0: Ball
1-0: Ball
2-0: Ball
3-0: 2-RUN HOME RUN (Flyball, 89XD), Distance : 403 ft
Batting: RHB Mun-wah Law 0-0: Called Strike
0-1: Foul Ball, location: 2F
0-2: Ball
1-2: Ground out 5-3 (Groundball, 56S)
Top of the 6th over - 7 runs, 6 hits, 0 errors, 0 left on base; Tortolita 12 - Key West 1
BOTTOM OF THE 6TH
Key West Coral Reefers batting - Pitching for Tortolita Drummers : RHP Kabeya Kasongo
Batting: RHB Juan Martínez 0-0: Ball
1-0: Swinging Strike
1-1: Called Strike
1-2: Ground out 5-3 (Groundball, 56)
Batting: LHB Edward Woodstock 0-0: Ball
1-0: SINGLE (Groundball, 34D)
Batting: RHB Jarred Cobb 0-0: Ball
Edward Woodstock steals 2nd base
1-0: Swinging Strike
1-1: Ball
2-1: Ball
3-1: Fly out, F6 (Line Drive, 6M)
Batting: RHB Miguel Montoya 0-0: Called Strike
0-1: Ball
1-1: Ball
2-1: Ball
3-1: Ground out 6-3 (Groundball, 6)
Bottom of the 6th over - 0 runs, 1 hit, 0 errors, 1 left on base; Tortolita 12 - Key West 1
TOP OF THE 7TH
Tortolita Drummers batting - Pitching for Key West Coral Reefers : RHP Brandon Sorkin
Batting: RHB Tomás Costello 0-0: Ball
1-0: Ball
2-0: SINGLE (Groundball, 56D)
Batting: RHB Otis Brewer
Pinch Hitting: LHB Steve Costillo 0-0: Ball
1-0: Ball
2-0: Ball
3-0: Called Strike
3-1: Base on Balls
Tomás Costello to second
Batting: RHB Vincent Klein 0-0: Foul Ball, location: 2F
0-1: Ball
1-1: Ball
2-1: Grounds into double play, 4-6-3 (Groundball, 4)
Tomás Costello to third
Batting: SHB Fernando Rincón 0-0: Foul Ball, location: 2F
0-1: Foul Ball, location: 2F
0-2: Ball
1-2: Ball
2-2: Ball
3-2: Strikes out looking
Top of the 7th over - 0 runs, 1 hit, 0 errors, 1 left on base; Tortolita 12 - Key West 1
BOTTOM OF THE 7TH
Key West Coral Reefers batting - Pitching for Tortolita Drummers : RHP Kabeya Kasongo
Now in LF: Julián Salcido
Batting: RHB Craig Tricket 0-0: Called Strike
0-1: SINGLE (Groundball, 6MD)
Pitching: RHP Darius Baxa
Batting: SHB Dave Atkins 0-0: Ball
1-0: SINGLE (Line Drive, 3D)
Craig Tricket to second
Batting: RHB Arturo Scantlebury 0-0: Called Strike
0-1: SINGLE (Line Drive, 6D)
Craig Tricket to third
Dave Atkins to second
Batting: SHB Juan Carlos Santos 0-0: Called Strike
0-1: Ball
1-1: Ground out 4-3 (Groundball, 4S)
Craig Tricket scores
Dave Atkins to third
Arturo Scantlebury to second
Batting: RHB Ken Moore 0-0: Ball
1-0: Called Strike
1-1: Ground out 6-3 (Groundball, 6M)
Dave Atkins scores
Arturo Scantlebury to third
Batting: RHB Juan Martínez 0-0: Ball
Wild Pitch!
Arturo Scantlebury scores
1-0: Ball
2-0: Foul Ball, location: 2F
2-1: Foul Ball, location: 2F
2-2: Ball
3-2: Foul Ball, location: 2F
3-2: Fly out, F4 (Line Drive, 4M)
Bottom of the 7th over - 3 runs, 3 hits, 0 errors, 0 left on base; Tortolita 12 - Key West 4
TOP OF THE 8TH
Tortolita Drummers batting - Pitching for Key West Coral Reefers : RHP Brandon Sorkin
Batting: RHB Vincent Vega 0-0: Called Strike
0-1: Foul Ball, location: 2F
0-2: Ball
1-2: Strikes out swinging
Batting: RHB Rich Flannery 0-0: Called Strike
0-1: Called Strike
0-2: SINGLE (Flyball, 78S)
Batting: RHB Jesús Martínez 0-0: Called Strike
0-1: Ball
1-1: Ball
2-1: Called Strike
2-2: Foul Ball, location: 2F
2-2: Ball
3-2: Foul Ball, location: 2F
3-2: Fielders Choice at 2nd, 6-4 (Groundball, 6)
Batting: LHB Glen Allen Mixon 0-0: Swinging Strike
0-1: Swinging Strike
0-2: Foul Ball, location: 2F
0-2: Foul Ball, location: 2F
0-2: Strikes out swinging
Top of the 8th over - 0 runs, 1 hit, 0 errors, 1 left on base; Tortolita 12 - Key West 4
BOTTOM OF THE 8TH
Key West Coral Reefers batting - Pitching for Tortolita Drummers : RHP Darius Baxa
Now at 1B: Qwuntrezz Knight
Batting: LHB Edward Woodstock 0-0: Foul Ball, location: 2F
0-1: SOLO HOME RUN (Flyball, 7LD), Distance : 383 ft
Batting: RHB Jarred Cobb 0-0: Fly out, F6 (Popup, 4M)
Batting: RHB Miguel Montoya 0-0: Ball
1-0: Called Strike
1-1: Foul Ball, location: 2F
1-2: Ball
2-2: Fly out, F7 (Flyball, 7S)
Batting: RHB Craig Tricket 0-0: SINGLE (Groundball, 56D)
Batting: SHB Dave Atkins 0-0: Ball
1-0: Ball
2-0: Fly out, F8 (Flyball, 8LM)
Bottom of the 8th over - 1 run, 2 hits, 0 errors, 1 left on base; Tortolita 12 - Key West 5
TOP OF THE 9TH
Tortolita Drummers batting - Pitching for Key West Coral Reefers : RHP Brandon Sorkin
Pitching: RHP Dave Haynes
Batting: RHB Mun-wah Law 0-0: Called Strike
0-1: Swinging Strike
0-2: Strikes out swinging
Batting: RHB Tomás Costello 0-0: Fly out, F8 (Flyball, 78M)
Batting: RHB Julián Salcido 0-0: Ball
1-0: Ball
2-0: Ball
3-0: Called Strike
3-1: Swinging Strike
3-2: Base on Balls
Batting: RHB Vincent Klein 0-0: Ball
1-0: Ball
2-0: Ball
3-0: Called Strike
3-1: Fly out, F7 (Flyball, 7D)
Top of the 9th over - 0 runs, 0 hits, 0 errors, 1 left on base; Tortolita 12 - Key West 5
BOTTOM OF THE 9TH
Key West Coral Reefers batting - Pitching for Tortolita Drummers : RHP Darius Baxa
Batting: RHB Arturo Scantlebury 0-0: SINGLE (Flyball, 7S)
Batting: SHB Juan Carlos Santos 0-0: Swinging Strike
0-1: SINGLE (Groundball, 56D)
Arturo Scantlebury to second
Pinch Hitting: LHB Landon Harryman 0-0: Foul Ball, location: 2F
0-1: Called Strike
0-2: Foul Ball, location: 2F
0-2: Ball
1-2: Foul Ball, location: 2F
1-2: Ball
2-2: Foul Ball, location: 2F
2-2: Ball
3-2: Base on Balls
Arturo Scantlebury to third
Juan Carlos Santos to second
Batting: RHB Juan Martínez 0-0: Called Strike
0-1: Ball
1-1: SINGLE (Groundball, 56D)
Arturo Scantlebury scores
Juan Carlos Santos to third
Landon Harryman to second
Pitching: RHP Briggs Bourgeois
Batting: LHB Edward Woodstock 0-0: Called Strike
0-1: Called Strike
0-2: Ball
Wild Pitch!
Juan Carlos Santos scores
Landon Harryman to third
Juan Martínez to second
1-2: Reached on error, E1 (Groundball, 13S)
Landon Harryman scores
Juan Martínez to third
Batting: RHB Jarred Cobb 0-0: Called Strike
0-1: Ball
1-1: Foul Ball, location: 2F
1-2: Ground out 6-3 (Groundball, 6S)
Juan Martínez scores
Edward Woodstock to second
Batting: RHB Miguel Montoya 0-0: Foul Ball, location: 2F
0-1: Ball
1-1: Swinging Strike
1-2: Strikes out swinging
Batting: RHB Craig Tricket 0-0: Swinging Strike
0-1: Swinging Strike
0-2: Strikes out swinging
Bottom of the 9th over - 4 runs, 3 hits, 1 error, 1 left on base; Tortolita 12 - Key West 9
Friday, March 29th, 2019 - OOTP Baseball 18.8 Build 76